 Dungeon Crawl Stone Soup version 0.31-a0-38-g1548c4f2a5 (webtiles) character file.

Game seed: 8377360593318573151

110 BlasphemerAmon the Stinger (level 4, -1/28 HPs)
             Began as an Octopode Venom Mage on May 16, 2023.
             Slain by a gnoll
             ... wielding a +0 whip
              (5 damage)
             ... on level 3 of the Dungeon.
             The game lasted 00:05:35 (2682 turns).

BlasphemerAmon the Stinger (Octopode Venom Mage)    Turns: 2682, Time: 00:05:35

Health: -1/28      AC:  1    Str:  7    XL:     4   Next: 91%
Magic:  2/7        EV: 18    Int: 19    God:
Gold:   155        SH:  0    Dex: 12    Spells: 5/8 levels left

rFire   . . .        i - +0 long sword
rCold   . . .        (no shield)
rNeg    . . .        (helmet restricted)
rPois   .            (no amulet)
rElec   .            p - +5 ring of evasion
rCorr   .            (no ring)
SInv    .            (no ring)
Will    .....        (no ring)
Stlth   +++          (no ring)
HPRegen 0.24/turn    (no ring)
MPRegen 0.10/turn    (no ring)
                     (no ring)

%: no passive effects
@: no status effects
A: almost no armour, amphibious, 8 rings, camouflage 1, gelatinous body 1,
(nimble swimmer 1), tentacles
a: no special abilities


You were on level 3 of the Dungeon.
You visited 1 branch of the dungeon, and saw 3 of its levels.

You collected 155 gold pieces.

Inventory:

Hand Weapons
 i - a +0 long sword (weapon)
Jewellery
 p - a +5 ring of evasion (left tentacle)
Scrolls
 e - a scroll of noise {unknown}
 f - a scroll of immolation {unknown}
 g - 3 scrolls of identify {unknown}
 k - a scroll of enchant weapon {unknown}
 l - a scroll of enchant armour {unknown}
 q - a scroll of magic mapping
Potions
 a - a potion of magic
 b - a potion of attraction {unknown}
 c - a potion of degeneration {unknown}
 d - a potion of brilliance {unknown}
 h - a potion of heal wounds {unknown}
 j - a potion of mutation {unknown}
 m - a potion of lignification {unknown}
 n - a potion of curing {unknown}
 o - a potion of cancellation {unknown}


   Skills:
 + Level 1.5 Fighting
 + Level 0.9 Long Blades
 + Level 2.6 Dodging
 + Level 3.5 Stealth
 + Level 2.5 Spellcasting
 + Level 1.8 Transmutations
 + Level 4.2 Poison Magic


You had 5 spell levels left.
You knew the following spells:

 Your Spells              Type           Power      Damage    Failure   Level
a - Sting                 Tmut/Pois      56%        1d5       4%          1
b - Poisonous Vapours     Pois/Air       20%        N/A       10%         2

Your spell library contained the following spells:

 Spells                   Type           Power      Damage    Failure   Level
 Sandblast                Erth           4%         2d4       16%         1
 Passwall                 Tmut/Erth      4%         N/A       17%         2
 Mephitic Cloud           Conj/Pois/Air  7%         N/A       26%         3
 Olgreb's Toxic Radiance  Pois           18%        N/A       28%         4
 Stone Arrow              Conj/Erth      4%         3d7       43%         3


Dungeon Overview and Level Annotations

Branches:
Dungeon (3/15)

Altars:
The Shining One

Shops:
D:3 :


Innate Abilities, Weirdness & Mutations

You cannot wear most types of armour.
You are amphibious.
You can wear up to eight rings at the same time.
Your skin changes colour to match your surroundings (Stealth+).
Your rubbery body absorbs attacks. (AC +1, EV +1)
((You are camouflaged when in or above water. (Stealth+)))
You have tentacles for arms and can constrict up to eight enemies at once.


Message History

Aiming: Poisonous Vapours (safe; 10% risk of failure)
Press: ? - help, Dir - move target, f/p - gnoll
Aim: a gnoll, wielding a +0 whip (lightly wounded, poisoned) Poisonous vapours surround the gnoll!
The gnoll looks even sicker.
The gnoll shouts!
Casting: Poisonous Vapours (safe; 10% risk of failure)
Confirm with . or Enter, or press ? or * to list all spells.
You can't see any susceptible monsters within range! (Use Z to cast anyway.)
Casting: Poisonous Vapours (safe; 10% risk of failure)
Confirm with . or Enter, or press ? or * to list all spells.
You don't have enough magic to cast this spell.
A scorpion comes into view.
A gnoll comes into view. It is wielding a +0 flail.
You closely miss the gnoll.
The gnoll shouts!
You grab the gnoll.
The gnoll is moderately wounded.
You constrict the gnoll, but do no damage.
The gnoll hits you with a +0 whip.
You hit the gnoll but do no damage.
You squeeze the gnoll, but do no damage.
The gnoll is moderately wounded.
You constrict the gnoll, but do no damage.
The gnoll hits you from afar with a +0 spear!
The gnoll hits you with a +0 whip.
The gnoll hits you from afar with a +0 spear.
* * * LOW HITPOINT WARNING * * *
The gnoll hits you with a +0 whip.
* * * LOW HITPOINT WARNING * * *
p - a +5 ring of evasion (left tentacle)
You constrict the gnoll, but do no damage.
You release your grip on the gnoll.
Your magical contamination has completely faded away.
The gnoll attacks as you move away! The gnoll closely misses you.
The gnoll attacks as you move away! The gnoll completely misses you.
Found a scroll labelled OLOSECVI LEROM.
The gnoll looks more healthy.
The gnoll barely misses you. The gnoll attacks as you move away!
The gnoll misses you. The gnoll attacks as you move away!
The gnoll hits you with a +0 whip.
You die...

##.##.# ##.##.#.# #.#
#.....#.# #.# #.....#.#
#.# #.....#.# #.#
#†....#.# #.# ##.##.#.#
#.###?###.###
...##.#.####...........#
.........>##.###@####
.............#.g....#
#.###.##..##.#.#.##.#
#.###.#...##.#g#s##.#
....................##
..#....##.............
#...... #.##.#g#.####.
..#....#####.#.#.#
..#... #.#.#.#


You could see a scorpion and 2 gnolls.

Vanquished Creatures
  A hound (D:3)
  An adder (D:3)
  A worm (D:2)
  5 dart slugs
  3 ball pythons (D:2)
  9 endoplasms
  A giant cockroach (D:2)
  5 hobgoblins
  3 jackals (D:2)
  2 kobolds (D:1)
  8 bats
  3 frilled lizards
  3 goblins
  9 rats
54 creatures vanquished.

Notes
Turn   | Place    | Note
-------+----------+-------------------------------------------
     0 | D:1      | BlasphemerAmon the Octopode Venom Mage began the quest for
                  | the Orb.
     0 | D:1      | Reached XP level 1. HP: 11/11 MP: 3/3
   178 | D:1      | Reached XP level 2. HP: 10/18 MP: 1/5
   239 | D:1      | Learned a level 2 spell: Poisonous Vapours
   519 | D:1      | Found a faded altar of an unknown god.
   758 | D:1      | Reached skill level 1 in Fighting
   758 | D:1      | Reached XP level 3. HP: 22/23 MP: 6/6
   986 | D:1      | Prayed at the altar of an unknown god.
   986 | D:1      | Became a worshipper of the Shining One
   986 | D:1      | Reached * piety under the Shining One
  1301 | D:2      | Reached skill level 4 in Poison Magic
  1579 | D:2      | Fell from the grace of the Shining One
  1611 | D:2      | Reached XP level 4. HP: 28/28 MP: 7/7
  2482 | D:3      | Found Acoarim's Book Shoppe.
  2670 | D:3      | Noticed a scorpion
  2682 | D:3      | Slain by a gnoll

Illustrated notes

Levels and vault maps discovered:
D:1:      reono_arrival_forest_river, layout_loops_ring,
          shapermc_ecumenical_altar_pompeii, dreamdust_wishing_well
D:2:      layout_basic, serial_curves, eino_curves_04, eino_curves_02,
          eino_curves_03, eino_curves_03, minmay_tall_x
D:3:      layout_basic, chequers_temple_overflow_minitemple, serial_shops,
          nicolae_shop_advertising_works [nicolae_subvault_shop_adworks],
          lightli_sewer_entry_pipes, uniq_jessica

Skill      XL: |  1  2  3 |
---------------+----------+-----
Stealth        | 3 |  3.5
Fighting       | 1 |  1.5
Poison Magic   | 4 |  4.2
Long Blades    | |  0.9
Dodging        | |  2.6
Spellcasting   | |  2.5
Transmutations | |  1.8

Action                     |  1- 3 |  4- 6 || total
---------------------------+-------+-------++-------
  Melee: Unarmed           |    67 |       ||    67
         Constrict         |    26 |     7 ||    33
         Tentacles         |    19 |     8 ||    27
         Long sword        |    19 |    25 ||    44
         Punch             |     1 |     1 ||     2
   Cast: Sting             |    14 |     1 ||    15
         Poisonous Vapours |    10 |     4 ||    14
 Invoke: Renounce Religion |     1 |       ||     1
    Use: Scroll            |     2 |       ||     2
   Stab: Sleeping          |     3 |     4 ||     7
 Armour: Skin              |    10 |     6 ||    16
  Dodge: Dodged            |    62 |    23 ||    85

Table legend: (Time is in decaauts)
 A = Elapsed time spent in this place.
 B = Non-inter-level travel time spent in this place.
 C = Inter-level travel time spent in this place.
 D = Time resting spent in this place.
 E = Time spent auto-exploring this place.
 F = Levels seen in this place.
 G = Mean time per level.
                   A        B        C        D        E       F      G
               +--------+--------+--------+--------+--------+-----+--------+
         Total |   2697 |   2456 |    241 |      0 |   2045 |   3 |  899.0 |
       Dungeon |   2697 |   2456 |    241 |      0 |   2045 |   3 |  899.0 |
               +--------+--------+--------+--------+--------+-----+--------+

Top non-repeatable levels by time:
     D:2: 1418 daAuts
     D:1: 1045 daAuts
     D:3: 233 daAuts
